[Event "45th Olympiad 2024"]
[Site "Budapest HUN"]
[Date "2024.09.18"]
[Round "7.7"]
[White "Vachier-Lagrave, Maxime"]
[Black "Mchedlishvili, Mikheil"]
[Result "1-0"]
[WhiteElo "2731"]
[BlackElo "2574"]
[ECO "D12"]
[Opening "QGD Slav"]
[Variation "4.e3 Bf5"]
[TimeControl "40/5400+30:1800+30"]
[EventDate "2024.09.11"]
[Board "1"]
[WhiteFideId "623539"]
[BlackFideId "13600966"]
[WhiteTeam "France"]
[BlackTeam "Georgia"]

1. c4 c6 2. d4 d5 3. Nf3 Nf6 4. e3 Bf5 5. Nc3 e6 6. Nh4 Be4 7. f3 Bg6 8.
Bd2 Be7 9. Nxg6 hxg6 10. Qc2 a6 11. O-O-O dxc4 12. Bxc4 b5 13. Be2 Nbd7 14.
Kb1 c5 15. d5 exd5 16. Bc1 Nb6 17. g4 b4 18. Nxd5 Nfxd5 19. e4 Nc3+ 20.
bxc3 Qc8 21. cxb4 O-O 22. Be3 Qb7 23. Bxc5 Bxc5 24. bxc5 Nd5+ 25. Ka1 Ne3
26. Qb1 Qc7 27. Rc1 Rfd8 28. Qb3 Qf4 29. Qc3 Rac8 30. Bd1 Rc7 31. Bb3 Rdc8
32. Qd4 Qxf3 33. Rhe1 Ng2 34. Rf1 Qe3 35. Rcd1 g5 36. Rxf7 Qxd4+ 37. Rxd4
Rxf7 38. Rd7 Rxc5 39. Rxf7 Kh7 40. Kb2 Ne3 41. h3 a5 42. Rf3 Nc4+ 43. Kc3
Nb6+ 44. Kd4 Rb5 45. e5 a4 46. Be6 1-0

[Event "45th Olympiad 2024"]
[Site "Budapest HUN"]
[Date "2024.09.18"]
[Round "7.7"]
[White "Paichadze, Luka"]
[Black "Bacrot, Etienne"]
[Result "1-0"]
[WhiteElo "2516"]
[BlackElo "2665"]
[ECO "B22"]
[Opening "Sicilian"]
[Variation "Alapin's variation (2.c3)"]
[TimeControl "40/5400+30:1800+30"]
[EventDate "2024.09.11"]
[Board "2"]
[WhiteFideId "13602934"]
[BlackFideId "605506"]
[WhiteTeam "Georgia"]
[BlackTeam "France"]

1. e4 c5 2. c3 d5 3. exd5 Qxd5 4. d4 Nf6 5. Nf3 e6 6. Na3 a6 7. Nc4 Nbd7 8.
Be2 b5 9. Ne3 Qc6 10. a4 Bb7 11. axb5 axb5 12. Rxa8+ Bxa8 13. O-O Be7 14.
dxc5 Qxc5 15. Bd2 O-O 16. b4 Qb6 17. Nd4 Bxb4 18. Nxe6 Qxe6 19. cxb4 Ne5
20. Bc3 Nc4 21. Bxc4 bxc4 22. Qd4 Qe4 23. Ra1 Qxd4 24. Bxd4 Nd5 25. Nxc4
Nxb4 26. Bc5 Nc2 27. Ra2 Re8 28. f3 Ne1 29. Ra3 Bd5 30. Ne3 Nxf3+ 31. gxf3
Bxf3 32. Nf5 Bg4 33. Nd6 Rd8 34. Bb6 Rb8 35. Bc7 Rf8 36. Kf2 Be6 37. Ke3 h6
38. Kd4 g5 39. Ke5 Kg7 40. Ra6 Kg6 41. Nxf7 Rxf7 42. Rxe6+ Kh5 43. Bd6 Rf2
44. Kd5 Rd2+ 45. Kc6 Rd3 46. Rf6 Rh3 47. Kd5 Kg4 48. Ke4 h5 49. Rf1 h4 50.
Rg1+ Kh5 51. Rb1 Rc3 52. Rg1 Rh3 53. Be5 Ra3 54. Rg2 Rb3 55. Bd6 Rb5 56.
Be5 Rb3 57. Bf6 Rb5 58. Bd4 Rb4 59. h3 Ra4 60. Rg4 Kg6 61. Kf3 Ra5 62. Re4
Kf5 63. Re8 Ra2 64. Re5+ Kg6 65. Be3 Rh2 66. Rxg5+ 1-0

[Event "45th Olympiad 2024"]
[Site "Budapest HUN"]
[Date "2024.09.18"]
[Round "7.7"]
[White "Maurizzi, Marc`andria"]
[Black "Jobava, Baadur"]
[Result "1/2-1/2"]
[WhiteElo "2595"]
[BlackElo "2582"]
[ECO "A15"]
[Opening "English opening"]
[TimeControl "40/5400+30:1800+30"]
[EventDate "2024.09.11"]
[Board "3"]
[WhiteFideId "36083534"]
[BlackFideId "13601520"]
[WhiteTeam "France"]
[BlackTeam "Georgia"]

1. Nf3 Nf6 2. c4 c6 3. Nc3 d5 4. e3 g6 5. d4 Bg7 6. Be2 O-O 7. O-O Nbd7 8.
cxd5 Nxd5 9. Nxd5 cxd5 10. Bd2 e5 11. dxe5 Nxe5 12. Nd4 Nc4 13. Bc3 Bd7 14.
Qb3 b5 15. Nf3 Bxc3 16. Qxc3 Qe7 17. Rac1 Rfc8 18. b3 Nd6 19. Qa5 Bg4 20.
Qb4 Bxf3 21. Bxf3 Qe5 22. Rcd1 Ne4 23. Rxd5 Qxd5 24. Bxe4 a5 25. Bxd5 axb4
26. Bxa8 Rxa8 27. Ra1 h5 28. h4 Kf8 29. Rd1 Rxa2 30. Rd4 Ke7 31. Rxb4 Ra5
32. Kh2 Kd6 33. Kg3 Kc6 34. Rf4 Ra7 35. Rd4 Ra3 36. b4 Ra2 37. e4 f6 38.
Rd8 Rb2 39. Rf8 Rxb4 40. Rxf6+ Kc5 41. f3 Rd4 42. Rxg6 b4 43. Ra6 b3 44.
Ra1 b2 45. Rb1 Rd2 46. Kf4 Rxg2 47. Ke5 Kc6 48. Ke6 Kc7 49. f4 Rg4 50. Kf5
Rg2 51. Kf6 Rg4 52. f5 Rxe4 53. Rxb2 Rxh4 54. Kg6 Rf4 55. f6 h4 56. f7 Rf1
57. Rb4 h3 58. Rh4 Rg1+ 59. Kh7 Rf1 60. Kg8 Rg1+ 61. Kf8 Rg3 62. Ke7 Re3+
63. Kf6 Rf3+ 64. Ke6 Re3+ 65. Kf5 Rf3+ 66. Kg6 Rg3+ 67. Kf5 Rf3+ 68. Rf4
Rxf4+ 69. Kxf4 h2 70. f8=Q 1/2-1/2

[Event "45th Olympiad 2024"]
[Site "Budapest HUN"]
[Date "2024.09.18"]
[Round "7.7"]
[White "Pantsulaia, Levan"]
[Black "Fressinet, Laurent"]
[Result "1/2-1/2"]
[WhiteElo "2516"]
[BlackElo "2616"]
[ECO "A07"]
[Opening "Reti"]
[Variation "King's Indian attack (Barcza system)"]
[TimeControl "40/5400+30:1800+30"]
[EventDate "2024.09.11"]
[Board "4"]
[WhiteFideId "13602071"]
[BlackFideId "608742"]
[WhiteTeam "Georgia"]
[BlackTeam "France"]

1. Nf3 d5 2. g3 Nf6 3. Bg2 e6 4. O-O c5 5. c4 d4 6. e3 Nc6 7. exd4 cxd4 8.
d3 Bd6 9. Bg5 O-O 10. Nbd2 Be7 11. a3 a5 12. Bxf6 Bxf6 13. c5 Be7 14. Rc1
Bd7 15. Re1 Qc7 16. Ne4 Rac8 17. Qb3 Rfd8 18. Qb6 Be8 19. Rc4 Qxb6 20. cxb6
Ra8 21. Nc5 Bxc5 22. Rxc5 Ra6 23. Nd2 Rxb6 24. Nc4 Rb3 25. Rd1 a4 26. Rd2
Kf8 27. Bf3 Nb8 28. Na5 b6 29. Nxb3 bxc5 30. Nxc5 Rc8 31. b4 axb3 32. Nxb3
Rc3 33. Nxd4 Rxa3 34. Rb2 Nd7 35. Rb3 Rxb3 1/2-1/2

[Event "45th Olympiad 2024"]
[Site "Budapest HUN"]
[Date "2024.09.18"]
[Round "7.8"]
[White "Theodorou, Nikolas"]
[Black "Caruana, Fabiano"]
[Result "1/2-1/2"]
[WhiteElo "2619"]
[BlackElo "2798"]
[ECO "E10"]
[Opening "Queen's pawn game"]
[TimeControl "40/5400+30:1800+30"]
[EventDate "2024.09.11"]
[Board "1"]
[WhiteFideId "4262875"]
[BlackFideId "2020009"]
[WhiteTeam "Greece"]
[BlackTeam "United States of America"]

1. d4 Nf6 2. c4 e6 3. Nf3 d5 4. g3 Bb4+ 5. Bd2 Be7 6. Bg2 O-O 7. O-O c6 8.
Qc2 Nbd7 9. Bf4 a5 10. Rd1 a4 11. Nbd2 Nh5 12. Be3 f5 13. Nf1 Bd6 14. b3 h6
15. Bd2 Nhf6 16. Bf4 Bxf4 17. gxf4 Ne4 18. Ng3 b5 19. e3 bxc4 20. bxc4 Ba6
21. Bf1 Nd6 22. cxd5 cxd5 23. Bxa6 Rxa6 24. Rab1 Nc4 25. Kh1 Ra8 26. Rg1
Kh7 27. Rb4 Qa5 28. Rb7 Ra7 29. Rxa7 Qxa7 30. Nh4 Rf7 31. e4 fxe4 32. Nxe4
dxe4 33. Qxc4 Nf8 34. Ng2 Rd7 35. Rd1 Ng6 36. Qxe6 Rxd4 37. Re1 Qa5 38. f5
Nf4 39. Nxf4 Qxe1+ 40. Kg2 Qd1 41. Qg6+ Kh8 42. Qe8+ Kh7 1/2-1/2

[Event "45th Olympiad 2024"]
[Site "Budapest HUN"]
[Date "2024.09.18"]
[Round "7.8"]
[White "So, Wesley"]
[Black "Kourkoulos-Arditis, Stamatis"]
[Result "1/2-1/2"]
[WhiteElo "2752"]
[BlackElo "2570"]
[ECO "E73"]
[Opening "King's Indian"]
[Variation "Semi-Averbakh system"]
[TimeControl "40/5400+30:1800+30"]
[EventDate "2024.09.11"]
[Board "2"]
[WhiteFideId "5202213"]
[BlackFideId "4221990"]
[WhiteTeam "United States of America"]
[BlackTeam "Greece"]

1. d4 Nf6 2. c4 g6 3. Nc3 Bg7 4. e4 d6 5. Be2 O-O 6. Be3 e5 7. d5 Na6 8. h4
Nc5 9. Qc2 c6 10. Bxc5 dxc5 11. h5 cxd5 12. Nxd5 Ne8 13. Nf3 Be6 14. O-O-O
Bxd5 15. Rxd5 Qc7 16. Nd2 Nf6 17. h6 Bh8 18. Rd3 Rfd8 19. Rxd8+ Rxd8 20.
Nb1 Rd4 21. Nc3 a6 22. a3 Ne8 23. Kb1 Bf6 24. Nd5 Qc6 25. Qb3 Kf8 26. Rd1
Rxd1+ 27. Bxd1 Bd8 28. Qg3 Qd6 29. Qh3 Nc7 30. Qc8 Nxd5 31. cxd5 Qc7 32.
Bg4 a5 33. Qa8 Ke7 34. Bc8 b5 35. Ba6 c4 36. Bxb5 c3 37. bxc3 Qc5 38. Qc6
Bb6 39. f3 Qxc6 40. Bxc6 Be3 41. Kc2 Bxh6 42. Kb3 Bd2 43. c4 Kd6 44. Be8 f5
45. Bf7 f4 46. Bg8 h5 47. Bf7 h4 48. Bxg6 Be1 49. Ka4 Kc5 50. d6 Kxd6 51.
Kb5 Kc7 52. Kc5 Bc3 53. Kd5 Bb2 54. Be8 Bc3 55. Bb5 Bb2 56. c5 Bc3 57. Ke6
Bd4 58. Kf5 Bc3 59. Kg4 Be1 60. Kf5 1/2-1/2

[Event "45th Olympiad 2024"]
[Site "Budapest HUN"]
[Date "2024.09.18"]
[Round "7.8"]
[White "Mastrovasilis, Dimitrios"]
[Black "Dominguez Perez, Leinier"]
[Result "0-1"]
[WhiteElo "2550"]
[BlackElo "2748"]
[ECO "B51"]
[Opening "Sicilian"]
[Variation "Canal-Sokolsky (Nimzovich-Rossolimo, Moscow) attack"]
[TimeControl "40/5400+30:1800+30"]
[EventDate "2024.09.11"]
[Board "3"]
[WhiteFideId "4202694"]
[BlackFideId "3503240"]
[WhiteTeam "Greece"]
[BlackTeam "United States of America"]

1. e4 c5 2. Nf3 d6 3. Bb5+ Nd7 4. d4 cxd4 5. Nxd4 Nf6 6. O-O a6 7. Bd3 Nc5
8. Nc3 e6 9. a4 Be7 10. Re1 O-O 11. Bf1 Qc7 12. a5 b5 13. axb6 Qxb6 14. b4
Ncd7 15. b5 Bb7 16. Be3 Qc7 17. bxa6 Bxa6 18. Bxa6 Qxc3 19. f3 d5 20. exd5
Nxd5 21. Bf2 Bb4 22. Bb5 N7f6 23. Rxa8 Rxa8 24. Qe2 Bc5 25. Qd3 Qb2 26. Bc6
Ra1 27. Rd1 Nb4 28. Qf1 Rxd1 29. Qxd1 Nxc6 30. Nxc6 Bxf2+ 31. Kxf2 Qb6+ 0-1

[Event "45th Olympiad 2024"]
[Site "Budapest HUN"]
[Date "2024.09.18"]
[Round "7.8"]
[White "Aronian, Levon"]
[Black "Kelires, Andreas"]
[Result "1-0"]
[WhiteElo "2729"]
[BlackElo "2536"]
[ECO "B51"]
[Opening "Sicilian"]
[Variation "Canal-Sokolsky (Nimzovich-Rossolimo, Moscow) attack"]
[TimeControl "40/5400+30:1800+30"]
[EventDate "2024.09.11"]
[Board "4"]
[WhiteFideId "13300474"]
[BlackFideId "5900727"]
[WhiteTeam "United States of America"]
[BlackTeam "Greece"]

1. e4 c5 2. Nf3 d6 3. Bb5+ Nd7 4. O-O a6 5. Be2 Ngf6 6. d3 g6 7. c4 Bg7 8.
Nc3 O-O 9. d4 cxd4 10. Nxd4 Nc5 11. f3 Ne6 12. Nc2 g5 13. Rf2 Nf4 14. Bf1
h6 15. Be3 Be6 16. Nd4 Ng6 17. Qb3 Bd7 18. Nf5 Bxf5 19. exf5 Nh4 20. Bd3 e6
21. fxe6 fxe6 22. Qxb7 Rf7 23. Qb3 Nd7 24. Rd1 Qa5 25. Qc2 Ne5 26. Re2 Rc8
27. Bf2 d5 28. cxd5 exd5 29. Bh7+ Kh8 30. Rxd5 Nexf3+ 31. gxf3 Nxf3+ 32.
Kh1 Qc7 33. Bg3 Qb6 34. Rf2 Qe3 35. Bd3 Re8 36. Qe2 Qc1+ 37. Rf1 Rxe2 38.
Rxc1 Rxb2 39. Rd8+ 1-0

[Event "45th Olympiad 2024"]
[Site "Budapest HUN"]
[Date "2024.09.18"]
[Round "7.9"]
[White "Dragnev, Valentin"]
[Black "Carlsen, Magnus"]
[Result "0-1"]
[WhiteElo "2556"]
[BlackElo "2832"]
[ECO "C41"]
[Opening "Philidor"]
[Variation "Improved Hanham variation"]
[TimeControl "40/5400+30:1800+30"]
[EventDate "2024.09.11"]
[Board "1"]
[WhiteFideId "1634852"]
[BlackFideId "1503014"]
[WhiteTeam "Austria"]
[BlackTeam "Norway"]

1. e4 d6 2. d4 Nf6 3. Nc3 e5 4. Nf3 Nbd7 5. Bc4 Be7 6. O-O O-O 7. a4 c6 8.
h3 h6 9. Be3 Re8 10. a5 exd4 11. Qxd4 Bf8 12. Rfe1 Qc7 13. Bf4 Ne5 14. Be2
Bd7 15. Bg3 a6 16. Bh4 Re6 17. Nxe5 Rxe5 18. b4 Rae8 19. Bg3 c5 20. Qd1
cxb4 21. Bxe5 dxe5 22. Nd5 Nxd5 23. exd5 e4 24. Bg4 f5 25. Bh5 Rc8 26. d6
Qc5 27. c3 bxc3 28. Qb3+ Qc4 29. Qxb7 Qe6 30. Qxa6 Bxd6 31. Qa7 c2 32. a6
Bf4 33. Qb7 Rb8 34. Qa7 Qd6 35. Be2 Be6 36. Bf1 Kh7 37. Rec1 Bxc1 38. Rxc1
Rb1 39. Qe3 Qd1 40. a7 Qxc1 0-1

[Event "45th Olympiad 2024"]
[Site "Budapest HUN"]
[Date "2024.09.18"]
[Round "7.9"]
[White "Christiansen, Johan-Sebastian"]
[Black "Horvath, Dominik"]
[Result "1-0"]
[WhiteElo "2661"]
[BlackElo "2559"]
[ECO "C22"]
[Opening "Centre game"]
[Variation "Hall variation"]
[TimeControl "40/5400+30:1800+30"]
[EventDate "2024.09.11"]
[Board "2"]
[WhiteFideId "1512668"]
[BlackFideId "1642561"]
[WhiteTeam "Norway"]
[BlackTeam "Austria"]

1. e4 e5 2. d4 exd4 3. Qxd4 Nc6 4. Qc4 Nf6 5. Nc3 Bb4 6. Bd2 O-O 7. O-O-O
Re8 8. f3 a5 9. g4 d6 10. Qe2 Be6 11. Kb1 d5 12. g5 Nd7 13. Qf2 Nb6 14.
Nge2 dxe4 15. Bc1 Qe7 16. Nxe4 Rad8 17. Rxd8 Qxd8 18. Nf4 Bf5 19. Bd3 Qd7
20. Nh5 Nd5 21. Nhg3 Bg6 22. h4 Ne5 23. Be2 Bxe4 24. fxe4 Ne7 25. h5 Nc8
26. Bf4 Bf8 27. g6 Nd6 28. Rf1 f6 29. gxh7+ Kxh7 30. Bc1 Qe6 31. Qg2 b5 1-0

[Event "45th Olympiad 2024"]
[Site "Budapest HUN"]
[Date "2024.09.18"]
[Round "7.9"]
[White "Urkedal, Frode Olav Olsen"]
[Black "Baidetskyi, Valentin"]
[Result "1-0"]
[WhiteElo "2546"]
[BlackElo "2512"]
[ECO "E01"]
[Opening "Catalan"]
[Variation "closed"]
[TimeControl "40/5400+30:1800+30"]
[EventDate "2024.09.11"]
[Board "4"]
[WhiteFideId "1506102"]
[BlackFideId "14142317"]
[WhiteTeam "Norway"]
[BlackTeam "Austria"]

1. d4 Nf6 2. c4 e6 3. g3 d5 4. Bg2 Bb4+ 5. Nd2 O-O 6. Nf3 b6 7. O-O Bb7 8.
b3 Nbd7 9. Bb2 a5 10. Qc2 a4 11. bxa4 Ra7 12. cxd5 exd5 13. Rfc1 Bd6 14.
Bc3 Re8 15. e3 Qe7 16. a5 b5 17. Nb3 Ne4 18. Bb2 c6 19. Ne1 h5 20. Nd3 h4
21. a3 hxg3 22. hxg3 Qg5 23. Re1 Re6 24. Ne5 Rh6 25. Nxd7 Bxg3 26. fxg3
Qxg3 27. Nbc5 Qh2+ 28. Kf1 Ng3+ 29. Kf2 Rg6 30. Qxg6 fxg6 31. Rh1 Nxh1+ 32.
Rxh1 Qd6 33. Bh3 Kf7 34. Be6+ Ke7 35. Bc1 Kd8 36. Ne5 Kc7 37. Nf7 Qe7 38.
e4 Rxa5 39. Bg5 Qe8 40. Bd8+ Kb8 41. Bxa5 Ka7 42. Rh8 1-0

[Event "45th Olympiad 2024"]
[Site "Budapest HUN"]
[Date "2024.09.18"]
[Round "7.10"]
[White "Deac, Bogdan-Daniel"]
[Black "Duda, Jan-Krzysztof"]
[Result "1-0"]
[WhiteElo "2680"]
[BlackElo "2732"]
[ECO "D27"]
[Opening "QGA"]
[Variation "classical, 6...a6"]
[TimeControl "40/5400+30:1800+30"]
[EventDate "2024.09.11"]
[Board "1"]
[WhiteFideId "1226380"]
[BlackFideId "1170546"]
[WhiteTeam "Romania"]
[BlackTeam "Poland"]

1. d4 d5 2. Nf3 Nf6 3. c4 dxc4 4. e3 e6 5. Bxc4 c5 6. O-O a6 7. Re1 Nc6 8.
Nc3 b5 9. Bd3 Bb7 10. a4 cxd4 11. exd4 Be7 12. axb5 axb5 13. Rxa8 Bxa8 14.
Bxb5 O-O 15. Be3 Nb4 16. Ne5 Nbd5 17. Bc6 Bxc6 18. Nxc6 Qb6 19. Nxd5 Nxd5
20. Nxe7+ Nxe7 21. d5 Qxb2 22. dxe6 Qb4 23. exf7+ Rxf7 24. Qc1 h6 25. Bc5
Qb7 26. h4 Qc6 27. g3 Nd5 28. Qa3 Nf6 29. Bd4 Qd5 30. Qa4 Ng4 31. Re8+ Kh7
32. Qc2+ Qf5 33. Qxf5+ Rxf5 34. Re7 Nf6 35. Be5 Kg8 36. f4 g5 37. fxg5 hxg5
38. h5 Nxh5 39. g4 1-0

[Event "45th Olympiad 2024"]
[Site "Budapest HUN"]
[Date "2024.09.18"]
[Round "7.10"]
[White "Wojtaszek, Radoslaw"]
[Black "Shevchenko, Kirill"]
[Result "1/2-1/2"]
[WhiteElo "2681"]
[BlackElo "2673"]
[ECO "D45"]
[Opening "QGD semi-Slav"]
[Variation "Stoltz variation"]
[TimeControl "40/5400+30:1800+30"]
[EventDate "2024.09.11"]
[Board "2"]
[WhiteFideId "1118358"]
[BlackFideId "14129574"]
[WhiteTeam "Poland"]
[BlackTeam "Romania"]

1. d4 Nf6 2. c4 c6 3. Nc3 d5 4. Nf3 e6 5. e3 Nbd7 6. Qc2 Bd6 7. Bd3 O-O 8.
O-O dxc4 9. Bxc4 e5 10. h3 Qe7 11. a3 e4 12. Ng5 Nb6 13. Bb3 Bf5 14. f3
Nbd5 15. Ngxe4 Nxc3 16. Nxf6+ Qxf6 17. Qxc3 c5 18. dxc5 Be5 19. Qd2 Rad8
20. Qf2 Qg6 21. g4 h5 22. Qg2 Bd3 23. Re1 b6 24. c6 hxg4 25. hxg4 Qxc6 26.
e4 Qb5 27. Bd5 Rc8 28. a4 Qa6 29. Bb3 Bc4 30. Bc2 Bd3 1/2-1/2

[Event "45th Olympiad 2024"]
[Site "Budapest HUN"]
[Date "2024.09.18"]
[Round "7.10"]
[White "Lupulescu, Constantin"]
[Black "Piorun, Kacper"]
[Result "1/2-1/2"]
[WhiteElo "2590"]
[BlackElo "2599"]
[ECO "A40"]
[Opening "Queen's pawn"]
[TimeControl "40/5400+30:1800+30"]
[EventDate "2024.09.11"]
[Board "3"]
[WhiteFideId "1207822"]
[BlackFideId "1130420"]
[WhiteTeam "Romania"]
[BlackTeam "Poland"]

1. d4 e6 2. Nf3 Nf6 3. Bf4 d5 4. e3 c5 5. Nbd2 Nc6 6. c3 h6 7. Bd3 Bd6 8.
Bg3 Nh5 9. Be5 Qc7 10. Bb5 Bd7 11. Bxc6 Bxc6 12. O-O Nf6 13. Qe2 O-O 14.
Rfd1 Rfd8 15. Bxf6 gxf6 16. e4 cxd4 17. cxd4 dxe4 18. Nxe4 Be7 19. Nc3 Qa5
20. Rd3 Qh5 21. Rad1 Bd5 22. Nxd5 Rxd5 23. Rb3 b5 24. Rc1 Rad8 25. Rbc3 Bd6
26. g3 a5 27. Rc8 Bf8 28. Rxd8 Rxd8 29. Qe4 f5 30. Qb7 f4 31. Kg2 fxg3 32.
hxg3 Qd5 33. Qxd5 Rxd5 34. Rc8 Kg7 35. Kf1 Bd6 36. Ke2 h5 37. Ra8 a4 38.
Ra7 Kf8 39. Ra8+ Ke7 40. Ra7+ Ke8 41. Ke3 Kf8 42. Ke4 Ke8 43. Ke3 Kf8 44.
Ke4 Ke8 1/2-1/2

[Event "45th Olympiad 2024"]
[Site "Budapest HUN"]
[Date "2024.09.18"]
[Round "7.11"]
[White "Grandelius, Nils"]
[Black "Keymer, Vincent"]
[Result "1/2-1/2"]
[WhiteElo "2653"]
[BlackElo "2730"]
[ECO "B51"]
[Opening "Sicilian"]
[Variation "Canal-Sokolsky (Nimzovich-Rossolimo, Moscow) attack"]
[TimeControl "40/5400+30:1800+30"]
[EventDate "2024.09.11"]
[Board "1"]
[WhiteFideId "1710400"]
[BlackFideId "12940690"]
[WhiteTeam "Sweden"]
[BlackTeam "Germany"]

1. e4 c5 2. Nf3 d6 3. Bb5+ Nd7 4. O-O a6 5. Bd3 Ngf6 6. c3 b5 7. Bc2 Bb7 8.
Re1 c4 9. a4 e6 10. axb5 axb5 11. Rxa8 Qxa8 12. Na3 Bxe4 13. Bxe4 Nxe4 14.
d3 cxd3 15. Nxb5 Qb7 16. c4 d5 17. cxd5 exd5 18. Qb3 Nc5 19. Qxd5 Qxd5 20.
Nc7+ Kd7 21. Nxd5 Bd6 22. b4 Nb3 23. Rxe4 Nxc1 24. Re1 Ne2+ 25. Kf1 Ke6 26.
Rd1 Kxd5 27. Rxd3+ Kc6 28. b5+ Kc5 29. Kxe2 Re8+ 30. Kf1 f6 31. g3 Bf8 32.
Nd4 g6 33. Re3 Rxe3 34. fxe3 Bd6 35. Ke2 Be5 36. Ne6+ Kxb5 37. Nf8 Bd6 38.
Nxh7 Be7 39. Kf3 Kc6 40. g4 Kd5 41. h4 Ke6 42. e4 Ke5 43. Ke3 Bc5+ 44. Kf3
Be7 45. g5 f5 46. exf5 Kxf5 47. Nf6 Bxf6 48. gxf6 Kxf6 49. Kg4 Kg7 50. h5
gxh5+ 51. Kxh5 1/2-1/2

[Event "45th Olympiad 2024"]
[Site "Budapest HUN"]
[Date "2024.09.18"]
[Round "7.11"]
[White "Bluebaum, Matthias"]
[Black "Hillarp Persson, Tiger"]
[Result "1-0"]
[WhiteElo "2640"]
[BlackElo "2457"]
[ECO "E46"]
[Opening "Nimzo-Indian"]
[Variation "4.e3 O-O"]
[TimeControl "40/5400+30:1800+30"]
[EventDate "2024.09.11"]
[Board "2"]
[WhiteFideId "24651516"]
[BlackFideId "1700812"]
[WhiteTeam "Germany"]
[BlackTeam "Sweden"]

1. d4 Nf6 2. c4 e6 3. Nc3 Bb4 4. e3 O-O 5. Bd2 d5 6. Nf3 a6 7. Rc1 dxc4 8.
Bxc4 b5 9. Bd3 Bb7 10. Ne4 Bxd2+ 11. Nexd2 Nbd7 12. O-O Rc8 13. e4 c5 14.
e5 Nd5 15. Ne4 c4 16. Bb1 f5 17. exf6 N7xf6 18. Nc5 Qb6 19. Qd2 Rxc5 20.
dxc5 Qxc5 21. Rfe1 Qc7 22. Ne5 Ba8 23. Qd4 Rd8 24. Qh4 h6 25. h3 Rf8 26.
Qg3 Qb6 27. Nf3 Nh5 28. Qe5 Ndf4 29. Re3 Rd8 30. Be4 Bxe4 31. Qxe4 Nd3 32.
Rc2 Rd6 33. Qa8+ Rd8 34. Rxe6 Qxe6 35. Qxd8+ Kh7 36. Qh4 Qe8 37. Qg4 Nhf4
38. Kh2 Qe4 39. Rd2 g5 40. Qxg5 Nd5 41. Qh5 1-0

[Event "45th Olympiad 2024"]
[Site "Budapest HUN"]
[Date "2024.09.18"]
[Round "7.11"]
[White "Lokander, Martin"]
[Black "Donchenko, Alexander"]
[Result "1/2-1/2"]
[WhiteElo "2469"]
[BlackElo "2638"]
[ECO "E49"]
[Opening "Nimzo-Indian"]
[Variation "4.e3, Botvinnik system"]
[TimeControl "40/5400+30:1800+30"]
[EventDate "2024.09.11"]
[Board "3"]
[WhiteFideId "1709569"]
[BlackFideId "24603295"]
[WhiteTeam "Sweden"]
[BlackTeam "Germany"]

1. d4 Nf6 2. c4 e6 3. Nc3 Bb4 4. e3 O-O 5. Bd3 d5 6. a3 Bxc3+ 7. bxc3 dxc4
8. Bxc4 c5 9. Ne2 Qc7 10. Bd3 Nc6 11. O-O e5 12. e4 cxd4 13. cxd4 exd4 14.
f4 Ng4 15. h3 Ne3 16. Bxe3 dxe3 17. Qc1 Be6 18. Qxe3 f6 19. Rfc1 Rfd8 20.
Bb5 Rac8 21. Bxc6 bxc6 22. Rc5 Qe7 23. Rac1 Re8 24. Nd4 Bd7 25. e5 h6 26.
Qg3 Qf7 27. Nxc6 Bxc6 28. Rxc6 Rxc6 29. Rxc6 fxe5 30. fxe5 Qd5 31. Rxh6
Rxe5 32. Rg6 Re7 33. Kh2 Qd4 34. Qd6 Qe4 35. Rg5 Rf7 36. Qb8+ Kh7 37. Rh5+
Kg6 38. Ra5 Kh7 39. Qe5 Qxe5+ 40. Rxe5 Rf6 41. Ra5 a6 42. h4 Kh6 43. g4 Rc6
44. h5 g6 45. hxg6 Kxg6 46. Kg3 Kg7 47. a4 Rd6 48. Kh4 Rh6+ 49. Kg5 Rg6+
50. Kf5 Rf6+ 51. Ke4 Rg6 52. g5 Rc6 53. Kf5 Rc1 54. Rxa6 Rf1+ 55. Ke5 Rg1
56. Kf4 Rf1+ 57. Ke3 Rg1 58. Ra5 Rg4 59. Kf3 Rb4 60. Ra6 Rc4 61. a5 Rd4 62.
g6 Rd5 63. Kf4 Rc5 64. Ke4 Rg5 65. Kd4 Rg4+ 66. Kc5 Rg5+ 67. Kb6 Rxg6+ 68.
Kb7 Rg5 69. Ra7 Kh6 70. Ra6+ Kh7 71. Ra8 Rg7+ 72. Kc6 Rg6+ 73. Kd5 Rg5+ 74.
Ke6 Rc5 75. a6 Rc6+ 76. Kd5 Rf6 77. Ke5 Rb6 78. Kd5 Kg7 79. Kc5 Rf6 80.
Ra7+ Kg6 81. Kd5 Rf5+ 82. Ke4 Rf6 83. Ra8 Kg7 84. Ke5 Rb6 85. a7 Ra6 86.
Rd8 Rxa7 1/2-1/2

[Event "45th Olympiad 2024"]
[Site "Budapest HUN"]
[Date "2024.09.18"]
[Round "7.11"]
[White "Svane, Frederik"]
[Black "Pantzar, Milton"]
[Result "1-0"]
[WhiteElo "2640"]
[BlackElo "2437"]
[ECO "C55"]
[Opening "Two knights defence (Modern bishop's opening)"]
[TimeControl "40/5400+30:1800+30"]
[EventDate "2024.09.11"]
[Board "4"]
[WhiteFideId "12923044"]
[BlackFideId "1721003"]
[WhiteTeam "Germany"]
[BlackTeam "Sweden"]

1. e4 e5 2. Nf3 Nc6 3. Bc4 Nf6 4. d3 Be7 5. Nc3 d6 6. a3 O-O 7. O-O h6 8.
h3 Re8 9. Be3 Bf8 10. Nh2 Ne7 11. Qf3 Ng6 12. Ng4 Bxg4 13. hxg4 c6 14. g5
hxg5 15. Bxg5 Be7 16. Nd1 Nf8 17. Ne3 Ne6 18. Bxe6 fxe6 19. Bxf6 Bxf6 20.
g3 Bg5 21. Ng4 Rf8 22. Qe2 g6 23. Kg2 Kg7 24. Qe1 Qe7 25. Qc3 Bf6 26. a4 c5
27. a5 Rac8 28. Rh1 Rh8 29. Rxh8 Rxh8 30. b4 Rc8 31. Rb1 Rc7 32. bxc5 Rxc5
33. Qb2 Rc7 34. Rh1 Qd8 35. f4 Rf7 36. fxe5 dxe5 37. Rf1 Qc7 38. Qc1 g5 39.
Nxf6 Rxf6 40. Qxg5+ Rg6 41. Qd2 Kg8 42. Rf2 Qc5 43. Qe2 Qe7 44. Qe3 Qg7 45.
Rf3 Qc7 46. Qf2 Kg7 47. c4 a6 48. Rf8 Qd7 49. Rb8 Rf6 50. Qe3 Kg6 51. Qe2
Qf7 52. Qg4+ Kh7 53. Qh3+ Kg6 54. Rh8 Rf2+ 55. Kg1 1-0

[Event "45th Olympiad 2024"]
[Site "Budapest HUN"]
[Date "2024.09.18"]
[Round "7.12"]
[White "Suleymanli, Aydin"]
[Black "Makhnev, Denis"]
[Result "1-0"]
[WhiteElo "2632"]
[BlackElo "2551"]
[ECO "C78"]
[Opening "Ruy Lopez"]
[Variation "Moeller defence"]
[TimeControl "40/5400+30:1800+30"]
[EventDate "2024.09.11"]
[Board "1"]
[WhiteFideId "13413937"]
[BlackFideId "13707647"]
[WhiteTeam "Azerbaijan"]
[BlackTeam "Kazakhstan"]

1. e4 e5 2. Nf3 Nc6 3. Bb5 a6 4. Ba4 Nf6 5. O-O Bc5 6. c3 O-O 7. d4 Ba7 8.
Bg5 h6 9. Bh4 exd4 10. Re1 d6 11. Nxd4 Ne5 12. Bg3 Bg4 13. Qd2 Nh5 14. Bd1
Nxg3 15. hxg3 h5 16. Na3 Re8 17. Nac2 Nc4 18. Qc1 Bxd1 19. Qxd1 g6 20. b3
Ne5 21. Qd2 Ng4 22. Qf4 Qf6 23. f3 Qxf4 24. gxf4 Nf6 25. g3 d5 26. e5 Nd7
27. Kg2 Rad8 28. Rad1 c6 29. b4 Nb6 30. f5 Na4 31. Rd3 Rc8 32. fxg6 fxg6
33. f4 c5 34. Nf3 cxb4 35. Nxb4 Rxc3 36. Rd2 Nb6 37. Nxd5 Nxd5 38. Rxd5 Bc5
39. Rd7 Rc2+ 40. Kh3 Rc3 41. Rf1 Re7 42. Rd8+ Kg7 43. Ng5 Rc2 44. Rc8 Rc4
45. Rd1 Rd4 46. Rb1 Bb4 47. Rb3 1-0

[Event "45th Olympiad 2024"]
[Site "Budapest HUN"]
[Date "2024.09.18"]
[Round "7.12"]
[White "Nogerbek, Kazybek"]
[Black "Abasov, Nijat"]
[Result "1/2-1/2"]
[WhiteElo "2519"]
[BlackElo "2626"]
[ECO "D37"]
[Opening "QGD"]
[Variation "4.Nf3"]
[TimeControl "40/5400+30:1800+30"]
[EventDate "2024.09.11"]
[Board "2"]
[WhiteFideId "13710427"]
[BlackFideId "13402960"]
[WhiteTeam "Kazakhstan"]
[BlackTeam "Azerbaijan"]

1. d4 Nf6 2. c4 e6 3. Nf3 d5 4. Nc3 dxc4 5. e4 Bb4 6. Bg5 b5 7. a4 c5 8.
axb5 cxd4 9. Nxd4 h6 10. Be3 Nxe4 11. Rc1 e5 12. Nf3 Qxd1+ 13. Kxd1 Bxc3
14. bxc3 Nd6 15. Nxe5 Be6 16. Rb1 f6 17. Nf3 Nd7 18. Nd4 Bd5 19. f3 Kf7 20.
Bf4 Ne5 21. Be2 Rhb8 22. Kc2 a6 23. bxa6 Rxb1 24. Rxb1 Rxa6 25. Rb8 Ke7 26.
h4 Ra2+ 27. Kb1 Ra6 28. h5 Bf7 29. g4 Bd5 30. Bg3 Kf7 31. Bf4 Ke7 32. Bg3
Kf7 33. Bf4 1/2-1/2